 Dungeon Crawl Stone Soup version 0.24-b1 (webtiles) character file.

Game seed: 9492822675830534743, levelgen mode: deterministic

30 MalarOregon the Conjurer (level 3, -2/28 HPs)
             Began as a Draconian Conjurer on Oct 13, 2019.
             Slain by an adder (4 damage)
             ... on level 2 of the Dungeon.
             The game lasted 00:01:52 (1112 turns).

MalarOregon the Conjurer (Draconian Conjurer)       Turns: 1112, Time: 00:01:52

Health: -2/28      AC:  6    Str: 10    XL:     3   Next: 3%
Magic:  0/6        EV: 12    Int: 16    God:
Gold:   77         SH:  0    Dex: 11    Spells: 5/6 levels left

rFire    . . .     SeeInvis .   g - +0 dagger
rCold    . . .     Gourm    .   (no shield)
rNeg     . . .     Faith    .   (armour unavailable)
rPois    .         Spirit   .   (helmet restricted)
rElec    .         Reflect  .   (no cloak)
rCorr    .         Harm     .   (no gloves)
MR       .....                  f - +0 pair of boots
Stlth    ++........             (no amulet)
HPRegen  0.09/turn              (no ring)
MPRegen  0.10/turn              (no ring)

@: lethally poisoned (-2 -> -6)
A: unfitting armour, cold-blooded, AC +5
a: no special abilities


You were on level 2 of the Dungeon.
You were not hungry.

You visited 1 branch of the dungeon, and saw 2 of its levels.

You collected 77 gold pieces.

Inventory:

Hand Weapons
 g - a +0 dagger (weapon)
   (You took it off a goblin on level 1 of the Dungeon)
Armour
 f - a +0 pair of boots (worn)
   (You found it on level 1 of the Dungeon)
Jewellery
 c - a +3 ring of protection {unknown}
   (You found it on level 1 of the Dungeon)
Scrolls
 b - a scroll of enchant weapon {unknown}
 h - a scroll of enchant armour {unknown}
 i - a scroll of teleportation {unknown}
Potions
 a - a potion of curing {unknown}
Comestibles
 d - 5 chunks of flesh
 e - 3 rations {!d}


   Skills:
 + Level 1.2 Fighting
 + Level 2.2 Dodging
 - Level 1.7 Stealth
 + Level 2.3 Spellcasting
 + Level 4.2 Conjurations


You had 5 spell levels left.
You knew the following spells:

 Your Spells              Type           Power        Failure   Level  Hunger
a - Magic Dart            Conj           ###.         3%          1    #......

Your spell library contained the following spells:

 Spells                   Type           Power        Failure   Level  Hunger
 Searing Ray              Conj           ###...       5%          2    ###....
 Dazzling Spray           Conj/Hex       #.....       26%         3    ###....
 Iskenderun's Mystic Bla  Conj           ###.....     34%         4    #####..
 Force Lance              Conj/Tloc      #.......     63%         4    #####..
 Fulminant Prism          Conj/Hex       #.........   63%         4    #####..


Dungeon Overview and Level Annotations

Branches:
Dungeon (2/15)

Altars:


Innate Abilities, Weirdness & Mutations

Your plain brown scales are hard. (AC +5)
You cannot fit into any form of body armour.
You are cold-blooded and may be slowed by cold attacks.


Message History

* * * LOW HITPOINT WARNING * * *
Aim: a kobold, wearing an uncursed ring of resist corrosion (moderately wounded)
The magic dart hits the kobold but does no damage.
The kobold barely misses you.
Unknown command.
Aim: a kobold, wearing an uncursed ring of resist corrosion (moderately wounded)
The magic dart hits the kobold.
You kill the kobold!
You have reached level 3!
Your experience leads to an increase in your attributes!
Increase (S)trength, (I)ntelligence, or (D)exterity?
You feel clever.
Your scales feel tougher.
The hobgoblin closely misses you.
You hit the frilled lizard.
Your tail-slap misses the frilled lizard.
The hobgoblin hits you with a +0 club.
* * * LOW HITPOINT WARNING * * *
The frilled lizard bites you but does no damage.
You barely miss the frilled lizard.
The kobold shouts!
The hobgoblin misses you.
The frilled lizard bites you but does no damage.
You miss the frilled lizard. The hobgoblin closely misses you.
An adder comes into view.
The frilled lizard bites you but does no damage.
Aim: a hobgoblin, wielding a +0 club (heavily wounded)
The magic dart hits the hobgoblin.
The hobgoblin barely misses you. The frilled lizard closely misses you.
You barely miss the frilled lizard. The hobgoblin misses you.
The frilled lizard bites you but does no damage.
You barely miss the frilled lizard.
The hobgoblin hits you but does no damage.
The frilled lizard barely misses you.
You closely miss the frilled lizard.
The frilled lizard bites you but does no damage.
The hobgoblin closely misses you.
You hit the frilled lizard.
You kill the frilled lizard!
The hobgoblin completely misses you.
You hit the adder but do no damage. The adder barely misses you.
The hobgoblin barely misses you.
You closely miss the adder. The adder completely misses you.
The adder bites you.
* * * LOW HITPOINT WARNING * * *
You are lethally poisoned!
The adder poisons you!
You completely miss the adder.
* * * LOW HITPOINT WARNING * * *
You feel sick. The hobgoblin barely misses you. The adder bites you.
You die...

... .. .. #...# ##. #.
#...# #g. #. #...# #b#
#. #...# #g# ###.##...#
#@#
#........######S#.#..K
#........##............
#...........###.#.###..
#.....####### #.#.#
#......## #.# .
###.....#######.# ##
#..............
#...<.#######.#


You could see an adder, 2 hobgoblins and a bat.

Vanquished Creatures
  A worm (D:2)
  A dart slug (D:1)
  3 bats
  3 goblins (D:1)
  4 hobgoblins
  2 jackals (D:1)
  5 kobolds
  2 frilled lizards
  2 rats (D:1)
23 creatures vanquished.

Notes
Turn   | Place    | Note
-------+----------+-------------------------------------------
     0 | D:1      | MalarOregon the Draconian Conjurer began the quest for the
                  | Orb.
     0 | D:1      | Reached XP level 1. HP: 14/14 MP: 3/3
   393 | D:1      | Reached XP level 2. HP: 22/22 MP: 0/5
   682 | D:1      | Reached skill level 1 in Fighting
  1101 | D:2      | Reached XP level 3. HP: 9/28 MP: 0/6
  1112 | D:2      | Slain by an adder

Skill      XL: |  1  2 |
---------------+-------+-----
Dodging        | 2 |  2.2
Fighting       | 1 |  1.2
Stealth        | |  1.7
Spellcasting   | |  2.3
Conjurations   | |  4.2

Action                   || total
-------------------------++-------
Melee: Unarmed           ||     5
       Dagger            ||    59
       Tailslap          ||     5
 Cast: Magic Dart        ||    44
 Stab: Sleeping          ||     1
  Eat: Chunk             ||     1
Armor: Skin              ||    32
Dodge: Dodged            ||    60
